 Seeded DCSS version 0.30-a0-949-g53dc5368d7 (webtiles) character file.

Game seed: 2337346538050740812 (custom seed)

134 Mickster the Digger (level 4, -2/24 HPs)
             Began as a Deep Elf Earth Elementalist on Mar 27, 2023.
             Succumbed to a scorpion's poison
             ... on level 4 of the Dungeon on Mar 28, 2023.
             The game lasted 00:40:55 (2138 turns).

Mickster the Digger (Deep Elf Earth Elementalist)   Turns: 2138, Time: 00:40:56

Health: -2/24      AC:  4    Str:  5    XL:     4   Next: 95%
Magic:  8/11       EV: 13    Int: 22    God:
Gold:   170        SH:  0    Dex: 15    Spells: 4/10 levels left

rFire   . . .      SeeInvis .    j - +1 hand axe
rCold   . . .      Faith    .    (no shield)
rNeg    . . .      Spirit   +    a - +1 robe
rPois   .          Reflect  .    i - +0 helmet
rElec   .          Rampage  .    (no cloak)
rCorr   .                        (no gloves)
Will    .....                    (no boots)
Stlth   ++                       h - amulet of guardian spirit
HPRegen 0.24/turn                k - ring of flight
MPRegen 0.12/turn                (no ring)

@: lethally poisoned (-2 -> -9), flying
A: no striking features
a: no special abilities


You were on level 4 of the Dungeon.
You visited 1 branch of the dungeon, and saw 4 of its levels.

You collected 170 gold pieces.

Inventory:

Hand Weapons
 f - a +0 sling
 j - a +1 hand axe (weapon)
 l - a +0 flail
Missiles
 g - 54 stones
Armour
 a - a +1 robe (worn)
 i - a +0 helmet (worn)
Jewellery
 e - an amulet of reflection
 h - an amulet of guardian spirit (around neck)
 k - a ring of flight (left hand)
Scrolls
 n - 2 scrolls of identify
Potions
 d - a potion of brilliance


   Skills:
 * Level 1.2 Axes
 + Level 3.4 Dodging
 + Level 2.6 Stealth
 + Level 3.5 Spellcasting
 * Level 2.0 Transmutations
 * Level 4.6 Earth Magic


You had 4 spell levels left.
You knew the following spells:

 Your Spells              Type           Power      Damage    Failure   Level
a - Sandblast             Erth           48%        2d12      1%          1
b - Passwall              Tmut/Erth      15%        N/A       4%          2
c - Stone Arrow           Conj/Erth      28%        3d8       14%         3

Your spell library contained the following spells:

 Spells                   Type           Power      Damage    Failure   Level
 Petrify                  Tmut/Erth      18%        N/A       28%         4
 Gell's Gravitas          Tloc           3%         N/A       34%         3
 Teleport Other           Tloc           3%         N/A       34%         3
 Leda's Liquefaction      Hex/Erth       7%         N/A       41%         4
 Lee's Rapid Deconstruct  Erth           12%        3d8*      43%         5
 Statue Form              Tmut/Erth      12%        N/A       99%         6
 Dispersal                Tloc           1%         N/A       100%        6


Dungeon Overview and Level Annotations

Branches:
Dungeon (4/15)
 Temple: D:4-7

Altars:
Kikubaaqudgha
Makhleb


Message History

Confirm with . or Enter, or press ? or * to list all spells.
Aiming: Sandblast (safe; 1% risk of failure)
Press: ? - help, Shift-Dir - straight line, f/p - scorpion
Aim: a scorpion (moderately wounded, 83% to hit)
The blast of sand misses the scorpion.
Casting: Sandblast (safe; 1% risk of failure)
Confirm with . or Enter, or press ? or * to list all spells.
Aiming: Sandblast (safe; 1% risk of failure)
Press: ? - help, Shift-Dir - straight line, f/p - scorpion
Aim: a scorpion (moderately wounded, 83% to hit)
The blast of sand hits the scorpion.
The scorpion is heavily wounded.
The scorpion stings you but does no damage.
The scorpion stings you. The scorpion stings you!
You are poisoned.
The scorpion poisons you!
Casting: Sandblast (safe; 1% risk of failure)
Confirm with . or Enter, or press ? or * to list all spells.
Aiming: Sandblast (safe; 1% risk of failure)
Press: ? - help, Shift-Dir - straight line, f/p - scorpion
Aim: a scorpion (heavily wounded, 83% to hit)
The blast of sand hits the scorpion!
The scorpion is almost dead.
You feel very sick. The scorpion stings you. x2
* * * LOW HITPOINT WARNING * * *
The hobgoblin closely misses you.
The scorpion stings you but does no damage.
The scorpion stings you.
* * * LOW HITPOINT WARNING * * *
The hobgoblin hits you but does no damage.
Magic courses through your body.
* * * LOW HITPOINT WARNING * * *
You feel sick. The scorpion barely misses you. The scorpion misses you.
The hobgoblin hits you.
* * * LOW HITPOINT WARNING * * *
You hit the scorpion but do no damage.
The scorpion is almost dead.
You closely miss the scorpion. You barely miss the hobgoblin.
You die...

#..............#
####.########..###
#..##########..###
#..............'..
#.......)......#..
#....##........# .
#.#####........#
#.# #.........#
#@# #.......>.#
#....gss#
#.........#
#.###...#
#.........# ##...
##........# #...#
#?... ####.. #..


You could see 2 scorpions and a hobgoblin.

Vanquished Creatures
  Terence (D:2)
  Robin (D:2)
  4 adders
  A worm (D:3)
  A dart slug (D:3)
  An orc (D:3)
  3 ball pythons
  3 bats
  4 endoplasms
  A giant cockroach (D:2)
  10 goblins
  8 hobgoblins
  3 quokkas
  2 frilled lizards
  6 kobolds
  8 rats
57 creatures vanquished.

Vanquished Creatures (others)
  A plant (D:1)
1 creature vanquished.

Grand Total: 58 creatures vanquished

Notes
Turn   | Place    | Note
-------+----------+-------------------------------------------
     0 | D:1      | Mickster the Deep Elf Earth Elementalist began the quest
                  | for the Orb.
     0 | D:1      | Reached XP level 1. HP: 10/10 MP: 6/6
   169 | D:1      | Reached XP level 2. HP: 15/15 MP: 5/8
   623 | D:1      | Learned a level 2 spell: Passwall
  1000 | D:2      | Reached skill level 4 in Earth Magic
  1010 | D:2      | Reached XP level 3. HP: 17/19 MP: 4/9
  1053 | D:2      | Learned a level 3 spell: Stone Arrow
  1069 | D:2      | Noticed Robin
  1082 | D:2      | Killed Robin
  1324 | D:2      | Noticed Terence
  1330 | D:2      | Killed Terence
  1331 | D:2      | Reached XP level 4. HP: 11/24 MP: 1/11
  1519 | D:3      | Found a faded altar of an unknown god.
  1578 | D:3      | Reached skill level 1 in Axes
  1646 | D:3      | Found an ancient bone altar of Kikubaaqudgha.
  1654 | D:3      | Found a burning altar of Makhleb.
  2129 | D:4      | Noticed a scorpion
  2130 | D:4      | Noticed a scorpion
  2137 | D:4      | HP: 1/24 [hobgoblin (1)]
  2138 | D:4      | Succumbed to a scorpion's poison

Illustrated notes

Levels and vault maps discovered:
D:1:      giann_bridges, layout_basic
D:2:      minmay_evil_eye, layout_basic, grunt_decor_one_mirror,
          minmay_indecisive_spiral, uniq_robin, uniq_terence
D:3:      layout_basic, mainiacjoe_overflow_big_doors, basic_ecumenical_altar
D:4:      layout_gridville, nemelex_spade_bored_becter,
          nicolae_vehumet_altar_sigil, minmay_bent

Skill      XL: |  1  2  3  4 |
---------------+-------------+-----
Earth Magic    | 4 |  4.6
Transmutations | 2 |  2.0
Dodging        | 3 |  3.4
Axes           | 1 |  1.2
Stealth        | |  2.6
Spellcasting   | |  3.5

Action                     |  1- 3 |  4- 6 || total
---------------------------+-------+-------++-------
  Melee: Hand axe          |    32 |     5 ||    37
         Spear             |    11 |       ||    11
   Cast: Sandblast         |    33 |    34 ||    67
         Stone Arrow       |     1 |     1 ||     2
    Use: Scroll            |     6 |     2 ||     8
         Potion            |     4 |     2 ||     6
 Armour: Robe              |    12 |     7 ||    19
  Dodge: Dodged            |    47 |    13 ||    60

Table legend: (Time is in decaauts)
 A = Elapsed time spent in this place.
 B = Non-inter-level travel time spent in this place.
 C = Inter-level travel time spent in this place.
 D = Time resting spent in this place.
 E = Time spent auto-exploring this place.
 F = Levels seen in this place.
 G = Mean time per level.
                   A        B        C        D        E       F      G
               +--------+--------+--------+--------+--------+-----+--------+
         Total |   2194 |   2121 |     73 |    483 |      0 |   4 |  548.5 |
       Dungeon |   2194 |   2121 |     73 |    483 |      0 |   4 |  548.5 |
               +--------+--------+--------+--------+--------+-----+--------+

Top non-repeatable levels by time:
     D:1: 873 daAuts
     D:2: 662 daAuts
     D:3: 571 daAuts
     D:4: 87 daAuts
